 Dungeon Crawl Stone Soup version 0.23-a0-808-gd21de94 (webtiles) character file.

10477 Lanoc the Basher (level 11, -3/111 HPs)
             Began as a Troll Berserker on Jan 20, 2019.
             Was the Champion of Trog.
             Shot with an arrow by a centaur (6 damage)
             ... on level 11 of the Dungeon.
             The game lasted 00:38:33 (9114 turns).

Lanoc the Basher (Troll Berserker)                  Turns: 9114, Time: 00:38:33

Health: -3/111     AC:  8    Str: 38    XL:     11   Next: 36%
Magic:  10/10      EV: 13    Int:  3    God:    Trog [******]
Gold:   594        SH:  2    Dex:  9    Spells: 10/10 levels left

rFire    + . .     SeeInvis .   K - +2 whip (elec)
rCold    + . .     Gourm    +   (no shield)
rNeg     . . .     Faith    .   b - +1 animal skin
rPois    .         Spirit   .   (helmet restricted)
rElec    .         Reflect  +   I - +0 cloak
rCorr    .         Harm     .   (gloves unavailable)
MR       .....                  (boots unavailable)
Stlth    +.........             i - +2 amulet of reflection
HPRegen  0.68/turn              a - +3 ring of strength
MPRegen  0.12/turn              y - ring of protection from fire

@: mighty, berserk cooldown, slowed, very slow
A: large, unfitting armour, claws 3, talons 1, cold resistance 1, fast
metabolism 3, gourmand, regeneration 1, shaggy fur 1, tough skin 3, wild magic 1
a: Berserk, Trog's Hand, Brothers in Arms, Renounce Religion


You were on level 11 of the Dungeon.
You worshipped Trog.
Trog was exalted by your worship.
You were very full.

You visited 2 branches of the dungeon, and saw 12 of its levels.
You also visited: Sewer and Ossuary.

You collected 704 gold pieces.
You spent 110 gold pieces at shops.

Inventory:

Hand Weapons
 K - a +2 whip of electrocution (weapon)
 N - a +3 great mace of protection
Armour
 b - a +1 animal skin (worn)
 I - a +0 cloak (worn)
Jewellery
 a - a +3 ring of strength (left claw)
 i - a +2 amulet of reflection (around neck)
 j - a cursed amulet of guardian spirit
 y - a ring of protection from fire (right claw)
Wands
 f - a wand of iceblast (21)
 g - a wand of polymorph (9)
 t - a wand of paralysis (9)
 C - a wand of clouds (5)
 G - a wand of disintegration (9)
 J - a wand of scattershot (6)
Scrolls
 d - a scroll of amnesia {unknown}
 n - 2 scrolls of fog
 p - 3 scrolls of enchant armour
 v - 5 scrolls of teleportation
 w - 5 scrolls of remove curse
 x - 6 scrolls of fear
 A - a scroll of vulnerability
 B - 2 scrolls of holy word
 D - 3 scrolls of enchant weapon
Potions
 e - 2 potions of ambrosia
 h - 2 potions of brilliance
 k - 9 potions of curing
 l - a potion of magic
 m - a potion of invisibility
 o - 5 potions of mutation
 q - 7 potions of heal wounds
 r - a potion of resistance
 s - 4 potions of degeneration
 z - 2 potions of agility
 F - a potion of lignification
 H - 2 potions of flight {unknown}
 M - 2 potions of haste {unknown}
Comestibles
 c - 27 rations


   Skills:
 + Level 8.1 Fighting
 * Level 11.9 Maces & Flails
 + Level 8.0 Dodging


You had 10 spell levels left.
You didn't know any spells.
Your spell library was empty.

Dungeon Overview and Level Annotations

Branches:
Dungeon (11/15)            Temple (1/1) D:5             Orc (0/2) D:9
   Lair: D:8-11

Altars:
Ashenzari
Dithmenos
Elyvilon
Fedhas
Okawaru
Qazlal
Ru
Sif Muna
Trog
Uskayaw
Xom
Yredelemnul
The Shining One

Shops:
D:4 *   D:6 }


Innate Abilities, Weirdness & Mutations

You are too large for most types of armour.
You have claws for hands.
Your metabolism is lightning-fast.
You like to eat raw meat.
Your natural rate of healing is unusually fast.
You are covered in fur. (AC +1)
You have extremely tough skin. (AC +3)
You have sharp toenails.
Your flesh is cold resistant. (rC+)
Your spells are a little harder to cast, but a little more powerful.


Message History

The orc hits you with a +0 short sword.
The centaur shoots an arrow.
The arrow hits you. The troll bites you. The troll claws you.
The troll closely misses you.
You feel very mighty all of a sudden.
The centaur shoots an arrow.
The arrow closely misses you. The orc misses you. The troll closely misses you.
The troll claws you. The troll claws you!
* * * LOW HITPOINT WARNING * * *
The centaur shoots an arrow.
The arrow barely misses you.
Unknown command.
Your cyclops goes berserk!
You feel quite a bit less full. The orc closely misses you.
The orc warrior hits you with a +0 short sword!
* * * LOW HITPOINT WARNING * * *
The troll closely misses you. The troll claws you!
* * * LOW HITPOINT WARNING * * *
The troll claws you but does no damage. The orc barely misses you.
The orc warrior hits you with a +0 short sword!
* * * LOW HITPOINT WARNING * * *
The centaur shoots an arrow.
The arrow hits you.
You die...

#.##.##....##.....#
#.....#.#..##.#####
#.....+.#.....#
#.....#.#.#####
#.....#...#
#)[...#...#
###)####...#
#...c.(C...#
#....#@(...#
#...5Too..(#
#.>...O....#
#....#.....#
#)...#.....#
#T...........(..#
#..##.########### .
... .....


You could see a troll, an orc warrior, an ogre, a centaur, a crimson imp, an orc
and a friendly cyclops (berserk).

Vanquished Creatures
  A two-headed ogre (D:8)
  An unseen horror (D:11)
  Pikel (D:5)
  2 oklob plants (D:9)
  Maurice (D:8)
  A gargoyle (D:10)
  A troll (D:10)
  A hornet (D:10)
  A hippogriff (D:10)
  Sigmund (D:6)
  2 wraiths
  A soldier ant (D:10)
  A warg (D:9)
  2 orc warriors
  A sky beast (D:7)
  An ice beast (D:6)
  2 phantoms
  A necrophage (D:8)
  A slave (D:5)
  6 ogres
  9 centaurs
  A crocodile (D:9)
  2 big kobolds
  An elf zombie (Ossuary)
  10 bullfrogs
  A wyvern zombie (D:8)
  3 scorpions
  10 killer bees
  9 wights
  3 jellies
  A howler monkey (D:7)
  2 quasits (D:9)
  8 crimson imps
  A centaur skeleton (D:4)
  9 orc priests
  7 hounds
  A gnoll shaman (D:10)
  14 orc wizards
  Ijyb (D:4)
  A bullfrog skeleton (D:8)
  3 iguanas
  9 worker ants
  A killer bee zombie (D:10)
  A big kobold zombie (Ossuary)
  A hound zombie (D:10)
  4 mummies
  A worker ant zombie (D:10)
  19 adders
  15 gnolls
  A river rat (D:4)
  2 shadow imps
  5 oozes
  2 adder zombies (Ossuary)
  3 adder skeletons (D:4)
  3 worms (D:2)
  4 dart slugs
  5 leopard geckos
  40 orcs
  5 ball pythons (Sewer)
  7 giant cockroaches
  11 goblins
  9 hobgoblins
  21 jackals
  4 quokkas
  9 bats
  7 frilled lizards
  2 goblin zombies (Ossuary)
  5 hobgoblin zombies (Ossuary)
  26 kobolds
  2 kobold zombies (Ossuary)
  A leopard gecko zombie (D:5)
  An orc zombie (Ossuary)
  2 quokka skeletons
  A quokka zombie (D:6)
  12 rats
  4 rat zombies (Ossuary)
  A spectral orc (D:6)
  3 plants (Sewer)
375 creatures vanquished.

Vanquished Creatures (others)
  A shadow imp (D:5)
  An orc (D:5)
2 creatures vanquished.

Grand Total: 377 creatures vanquished

Notes
Turn   | Place    | Note
-------+----------+-------------------------------------------
     0 | D:1      | Lanoc the Troll Berserker began the quest for the Orb.
     0 | D:1      | Reached XP level 1. HP: 22/22 MP: 0/0
   274 | D:1      | Reached skill level 3 in Maces & Flails
   276 | D:1      | Reached XP level 2. HP: 29/29 MP: 1/1
   543 | D:1      | Reached XP level 3. HP: 36/36 MP: 2/2
   659 | D:1      | Reached ** piety under Trog
  1086 | D:2      | Reached XP level 4. HP: 19/44 MP: 3/3
  1251 | D:2      | Reached skill level 4 in Maces & Flails
  1886 | D:3      | Reached XP level 5. HP: 49/53 MP: 4/4
  1904 | D:3      | Reached *** piety under Trog
  2448 | D:4      | Reached XP level 6. HP: 61/61 MP: 5/5
  2573 | D:4      | Noticed Ijyb
  2592 | D:4      | Reached skill level 5 in Maces & Flails
  2594 | D:4      | Killed Ijyb
  2607 | D:4      | Found a glowing drain.
  2662 | D:4      | Reached XP level 7. HP: 68/68 MP: 6/6
  2664 | D:4      | Reached **** piety under Trog
  2689 | Sewer    | Entered a sewer
  3355 | Sewer    | Gained mutation: Your flesh is cold resistant. (rC+)
                  | [potion of mutation]
  3355 | Sewer    | Gained mutation: Your spells are a little harder to cast,
                  | but a little more powerful. [potion of mutation]
  3355 | Sewer    | Gained mutation: You have sharp toenails. [potion of
                  | mutation]
  3640 | D:4      | Found Izxyejag's Assorted Antiques.
  3661 | D:4      | Bought a scroll labeled KYCSEC VAU for 22 gold pieces
  3661 | D:4      | Bought a scroll labeled KYCSEC VAU for 22 gold pieces
  3661 | D:4      | Bought a scroll of identify for 44 gold pieces
  3661 | D:4      | Bought a scroll labeled KYCSEC VAU for 22 gold pieces
  3794 | D:4      | Reached skill level 6 in Maces & Flails
  3985 | D:4      | Found an iron altar of Okawaru.
  4093 | D:5      | Entered Level 5 of the Dungeon
  4295 | D:5      | Reached XP level 8. HP: 61/79 MP: 7/7
  4337 | D:5      | Reached ***** piety under Trog
  4582 | D:5      | Found a staircase to the Ecumenical Temple.
  4601 | Temple   | Entered the Ecumenical Temple
  4752 | D:5      | Noticed Pikel
  4769 | D:5      | Killed Pikel
  4769 | D:5      | Reached skill level 5 in Fighting
  4769 | D:5      | Reached skill level 7 in Maces & Flails
  4769 | D:5      | Reached skill level 5 in Dodging
  5096 | D:6      | Reached skill level 8 in Maces & Flails
  5171 | D:6      | Found Inoig Bugiubb's Gadget Emporium.
  5199 | D:6      | Found a sand-covered staircase.
  5211 | Ossuary  | Entered an ossuary
  5257 | Ossuary  | Reached XP level 9. HP: 66/88 MP: 8/8
  5514 | D:6      | Received a gift from Trog
  5792 | D:6      | Noticed Sigmund
  5798 | D:6      | Killed Sigmund
  5830 | D:6      | Found a basalt altar of Yredelemnul.
  5894 | D:6      | Reached skill level 9 in Maces & Flails
  6207 | D:7      | Found an iron altar of Okawaru.
  6431 | D:8      | Reached XP level 10. HP: 100/100 MP: 9/9
  6449 | D:8      | Noticed Maurice
  6459 | D:8      | Killed Maurice
  6459 | D:8      | Reached skill level 10 in Maces & Flails
  6718 | D:8      | Noticed a two-headed ogre
  6723 | D:8      | Killed a two-headed ogre
  7046 | D:8      | Reached ****** piety under Trog
  7489 | D:9      | Found a staircase to the Orcish Mines.
  7645 | D:9      | Found a blossoming altar of Fedhas.
  7648 | D:9      | Noticed an oklob plant
  7648 | D:9      | Noticed an oklob plant
  7654 | D:9      | Killed an oklob plant
  7654 | D:9      | Reached skill level 11 in Maces & Flails
  7658 | D:9      | Killed an oklob plant
  8086 | D:10     | Entered Level 10 of the Dungeon
  8140 | D:10     | Reached XP level 11. HP: 109/109 MP: 10/10
  8325 | D:10     | Received a gift from Trog
  8996 | D:11     | Killed an unseen horror
  9114 | D:11     | HP: 3/111 [orc warrior/+0 short sword (11)]
  9114 | D:11     | Shot with an arrow by a centaur

Vault maps used:
D:1:      lemuel_arrival_broad_hall, chequers_arboretum, minmay_pentomino_w4
D:4:      serial_shops, shop, portal_sewer_entry_c, first_ration,
          okawaru_altar_gauntlet_db, uniq_ijyb
D:5:      minmay_temple_entry_junction, chequers_serial_rivers_micro_e,
          kennysheep_generic_room_16, uniq_pikel
D:6:      yredelemnul_forgotten_temple_becter, serial_shops,
          nicolae_shop_temple_entry_statues_fountains,
          gup_ossuary_entry_pyramid, st_stairs_9, uniq_sigmund
D:7:      basic_altar
D:8:      uniq_maurice
D:9:      erik_orc_3, hangedman_tree_tricks
D:11:     lair_entry_dummy, ebering_ghost_xom
Temple:   dpeg_three_leaves_temple
Sewer:    sewer_co_scattered_pipes
Ossuary:  ossuary_minmay_chase

Skill      XL: |  1  2  3  4  5  6  7  8  9 10 11 |
---------------+----------------------------------+-----
Maces & Flails | 3 4 5 6 8 9 11 | 11.9
Fighting       | 3 4 5 6 7 8 |  8.1
Dodging        | 3 4 5 6 7 8 |  8.0

Action                   |  1- 3 |  4- 6 |  7- 9 | 10-12 || total
-------------------------+-------+-------+-------+-------++-------
Melee: Mace              |   132 |   216 |   252 |       ||   600
       Unarmed           |       |    11 |       |       ||    11
       Kick              |       |       |   139 |   114 ||   253
       Whip              |       |       |   254 |   408 ||   662
Invok: Berserk           |     4 |     4 |    10 |    10 ||    28
       Trog's Hand       |       |     1 |       |       ||     1
       Brothers in Arms  |       |       |       |     1 ||     1
  Use: Scroll            |       |     8 |    13 |     1 ||    22
       Potion            |       |       |     5 |     2 ||     7
 Stab: Sleeping          |       |       |     2 |       ||     2
  Eat: Chunk             |    18 |    14 |    54 |    33 ||   119
Armor: Animal skin       |    77 |   143 |   125 |    78 ||   423
       Skin              |       |     1 |       |       ||     1
Dodge: Dodged            |   106 |   190 |   180 |   162 ||   638
Block: Other             |     4 |    24 |    30 |    26 ||    84
       Reflection        |       |       |       |     6 ||     6

Table legend:
 A = Non-vault XP
 B = Vault XP
 C = Vault XP percentage of total XP
 D = Non-vault monster count
 E = Vault monster count
 F = Vault count percentage of total count
                 A         B        C        D         E       F
            +---------+---------+-------+---------+---------+-------
      Total |   11705 |    3263 |  21.8 |     290 |      82 |  22.0
            +---------+---------+-------+---------+---------+-------
        D:1 |      50 |       9 |  15.3 |      25 |       6 |  19.4
        D:2 |     116 |       0 |   0.0 |      29 |       0 |   0.0
        D:3 |     132 |       0 |   0.0 |      26 |       0 |   0.0
        D:4 |     652 |     106 |  14.0 |      28 |      12 |  30.0
        D:5 |     674 |     686 |  50.4 |      21 |       3 |  12.5
        D:6 |    1255 |     236 |  15.8 |      26 |       5 |  16.1
        D:7 |    1346 |       0 |   0.0 |      25 |       0 |   0.0
        D:8 |    2350 |     480 |  17.0 |      39 |       1 |   2.5
        D:9 |     658 |    1482 |  69.3 |      18 |      12 |  40.0
       D:10 |    2301 |       0 |   0.0 |      25 |       0 |   0.0
       D:11 |    2171 |       0 |   0.0 |      28 |       0 |   0.0
      Sewer |       0 |      70 | 100.0 |       0 |      22 | 100.0
    Ossuary |       0 |     194 | 100.0 |       0 |      21 | 100.0
            +---------+---------+-------+---------+---------+-------
